 Dungeon Crawl Stone Soup version 0.29.1-2-gbd0b4ee654 (webtiles) character file.

Game seed: 8154169993567143746

23 GorkyZ the Trooper (level 2, 0/24 HPs)
             Began as a Demonspawn Fighter on Nov 19, 2022.
             Slain by Sigmund
             ... wielding a +0 scythe of venom
              (7 damage)
             ... on level 2 of the Dungeon.
             The game lasted 00:04:46 (1614 turns).

GorkyZ the Trooper (Demonspawn Fighter)             Turns: 1614, Time: 00:04:46

Health: 0/24       AC:  6    Str: 16    XL:     2   Next: 75%
Magic:  2/2        EV: 17    Int:  9    God:
Gold:   38         SH:  0    Dex: 12    Spells: 1/1 levels left

rFire   + + .      SeeInvis .   (weapon currently unavailable)
rCold   + + .      Faith    .   (shield currently unavailable)
rNeg    + + +      Spirit   .   (body armour currently unavailable)
rPois   ∞          Reflect  .   (helmet currently unavailable)
rElec   +          Harm     .   (cloak currently unavailable)
rCorr   +          Rampage  .   (gloves currently unavailable)
Will    .....                   (boots currently unavailable)
Stlth   +.........              (amulet currently unavailable)
HPRegen 0.08/turn               (ring currently unavailable)
MPRegen 0.08/turn               (ring currently unavailable)

@: lethally poisoned (0 -> 0), wisp-form, flying
A: insubstantial, flying, no casting, tiny, (yellow scales 1)
a: no special abilities


You were on level 2 of the Dungeon.
You were an insubstantial wisp.
You visited 1 branch of the dungeon, and saw 2 of its levels.

You collected 38 gold pieces.

Inventory:

Hand Weapons
 a - a +0 flail (melded)
 g - a +2 rapier of protection
 n - a +3 whip
Missiles
 p - 2 silver javelins
Armour
 b - a +0 scale mail (melded)
 c - a +0 buckler (melded)
 o - a +0 cloak (melded)
Jewellery
 k - a +6 ring of dexterity (melded)
Scrolls
 i - a scroll of poison {unknown}
 j - a scroll of acquirement {unknown}
 l - 2 scrolls of fear {unknown}
 m - a scroll of immolation {unknown}
Potions
 d - a potion of might
 e - 3 potions of curing {unknown}
 f - a potion of heal wounds {unknown}
 h - a potion of attraction {unknown}
 q - a potion of degeneration {unknown}


   Skills:
 + Level 3.1 Fighting
 + Level 2.0 Maces & Flails
 + Level 0.4 Throwing
 + Level 2.8 Armour
 + Level 2.9 Shields
 + Level 0.8 Evocations


You had one spell level left.
You didn't know any spells.
Your spell library was empty.

Dungeon Overview and Level Annotations

Branches:
Dungeon (2/15)

Altars:
Cheibriados

Shops:
D:1 ?

Annotations:
D:2 Sigmund


Innate Abilities, Weirdness & Mutations

You are an insubstantial wisp.
Your tiny insubstantial body is highly resistant to most damage types.
You are flying.
Your equipment is entirely melded.
You are incapable of wielding weapons or throwing items.
You cannot cast spells.
((You are partially covered in yellow scales. (AC +2)))


Message History

Sigmund casts a spell at you.
You are confused.
You are too confused!
You enter the shallow water.
Moving in this stuff is going to be slow.
Sigmund mumbles some strange words.
Sigmund flickers and vanishes!
Deactivating autopickup; reactivate with Ctrl-A.
You enter the shallow water.
Moving in this stuff is going to be slow.
You bump into the tree.
You hear a zap.
Something tries to affect you, but you resist.
You feel less confused. Something hits you.
You are poisoned.
You feel sick.
You hear a zap.
You turn into an insubstantial wisp.
Your +0 flail melds into your body.
Your +0 cloak melds into your body.
Your +0 buckler melds into your body.
Your +0 scale mail melds into your body.
Your +6 ring of dexterity melds into your body.
You feel clumsy. Something barely misses you.
You hear some strange, mumbled words.
You are confused.
Something hits you.
You bump into the rock wall.
Something hits you!
* * * LOW HITPOINT WARNING * * *
You're too confused to move!
You touch something but do no damage.
Something barely misses you.
You closely miss something. Something hits you but does no damage.
Something closely misses you. Something hits you.
* * * LOW HITPOINT WARNING * * *
You feel less confused.
You hear some strange, mumbled words.
Something tries to affect you, but you resist.
You closely miss something. Something hits you!
You die...

.#.# #.#.#.## #.# ####.## #.#
#.#.#.######.#### #.# .#
#.#.#†###........# ##.#
#.#.#.#.##.....##.# ####..##
#.#.#.#.###.♣.~.##.# #.......
.#.#.#.#.#.~P~~♣##.# #.##.##.
.......##..♣.~~♣.>.####.....#.
.......+......................
.......####..v#########.....#.
......# ##{## #....... .....#
..... ##.##### #...# ###.##.
#. #.. @ #. #.# #. #.# #.#


There were no monsters in sight!

Vanquished Creatures
  A giant cockroach (D:1)
  2 goblins (D:1)
  2 hobgoblins
  3 quokkas
  A ball python (D:1)
  6 bats
  5 frilled lizards
  A kobold (D:2)
  3 rats (D:1)
24 creatures vanquished.

Vanquished Creatures (others)
  3 plants (D:2)
3 creatures vanquished.

Grand Total: 27 creatures vanquished

Notes
Turn   | Place    | Note
-------+----------+-------------------------------------------
     0 | D:1      | GorkyZ the Demonspawn Fighter began the quest for the Orb.
     0 | D:1      | Reached XP level 1. HP: 18/18 MP: 1/1
   398 | D:1      | Found Motyraco's Magic Scroll Boutique.
   507 | D:1      | Gained mutation: You are partially covered in yellow
                  | scales. (AC +2) [demonic ancestry]
   507 | D:1      | Reached XP level 2. HP: 13/24 MP: 2/2
  1095 | D:1      | Found a faded altar of an unknown god.
  1222 | D:2      | Found a snail-covered altar of Cheibriados.
  1593 | D:2      | Noticed Sigmund
  1614 | D:2      | Slain by Sigmund

Illustrated notes

Levels and vault maps discovered:
D:1:      dpeg_arrival_concentric_ovals, layout_basic, serial_shops, shop,
          dreamdust_ecumenical_altar_hidden_monk_grotto,
          minmay_misc_feat_four_crosses, minmay_tromino_v4_a
D:2:      layout_loops_corners, basic_altar, serial_bayou, serial_bayou_pond_e,
          serial_bayou_pond_e, serial_bayou_shore_a, serial_bayou_ford_a,
          minivault_23, serial_bayou_pond_d, uniq_sigmund, uniq_jessica,
          uniq_robin

Skill      XL: |  1  2 |
---------------+-------+-----
Maces & Flails | 2 |  2.0
Fighting       | |  3.1
Throwing       | |  0.4
Armour         | |  2.8
Shields        | |  2.9
Evocations     | |  0.8

Action                   || total
-------------------------++-------
Melee: Flail             ||    70
       Unarmed           ||     3
Armor: Scale mail        ||    34
       Skin              ||     1
Dodge: Dodged            ||    42
Block: Buckler           ||    23
